 Dungeon Crawl Stone Soup version 0.19-a0-1937-g70ed36a (webtiles) character file.

704 varam the Ruffian (level 7, 66/66 HPs)
             Began as a Troll Monk on Oct 26, 2016.
             Quit the game in the Ecumenical Temple.
             The game lasted 00:06:32 (3029 turns).

varam the Ruffian (Troll Monk)                      Turns: 3029, Time: 00:06:33

Health: 66/66      AC:  5    Str: 22    XL:     7   Next: 39%
Magic:  6/6        EV: 12    Int:  6    God:
Gold:   195        SH:  0    Dex: 12    Spells: 0 memorised, 6 levels left

rFire  . . .     SeeInvis +       - Unarmed
rCold  . . .     Gourm    +     a - +0 robe
rNeg   . . .     Faith    .     (no shield)
rPois  .         Spirit   .     (helmet restricted)
rElec  .         Reflect  .     (no cloak)
rCorr  .         Harm     .     (gloves unavailable)
MR     .....                    (boots unavailable)
Stlth  ++........               (no amulet)
                                v - ring of wizardry
                                m - ring of see invisible

@: no status effects
A: unfitting armour, claws 3, fast metabolism 3, gourmand, regeneration 1,
shaggy fur 1, tough skin 2
a: no special abilities


You were in the Ecumenical Temple.
You were completely stuffed.

You visited 2 branches of the dungeon, and saw 7 of its levels.

You collected 195 gold pieces.

Inventory:

Missiles
 e - 2 javelins (quivered)
Armour
 a - a +0 robe (worn)
Jewellery
 m - a ring of see invisible (left claw)
 v - a ring of wizardry (right claw)
Wands
 n - a wand of flame (20/48)
Scrolls
 c - a scroll of random uselessness {unknown}
 h - 5 scrolls of remove curse {@r2}
 i - 2 scrolls of identify {unknown}
 o - 2 scrolls of fog {unknown}
 p - a scroll of noise {unknown}
 r - a scroll of fear {unknown}
 t - a scroll of magic mapping {unknown}
 w - a scroll of enchant armour {unknown}
 x - a scroll of recharging {unknown}
Potions
 d - 2 potions of curing {unknown}
 f - 3 potions of might {unknown}
 k - a potion of haste {unknown}
 l - a potion of ambrosia {unknown}
 q - a potion of berserk rage {unknown}
 u - a potion of brilliance {unknown}
Comestibles
 b - 3 bread rations
 g - 3 fruits
 j - 2 meat rations
 s - 2 beef jerkies


   Skills:
 - Level 2.4 Fighting
 + Level 1.0 Throwing
 + Level 4.8 Dodging
 - Level 1.0 Stealth
 * Level 7.0 Unarmed Combat


You had 6 spell levels left.
You didn't know any spells.

Dungeon Overview and Level Annotations

Branches:
Dungeon (6/15)             Temple (1/1) D:6

Altars:
Ashenzari
Cheibriados
Dithmenos
Elyvilon
Fedhas
Hepliaklqana
Kikubaaqudgha
Makhleb
Nemelex Xobeh
Qazlal
Ru
Sif Muna
Trog
Uskayaw
Xom
Zin

Annotations:
D:4 namnharef's ghost, amateur HEFE


Innate Abilities, Weirdness & Mutations

You are too large for most types of armour.
You have claws for hands.
Your metabolism is lightning-fast.
You like to eat raw meat.
Your natural rate of healing is unusually fast.
You are covered in fur. (AC +1)
You have very tough skin. (AC +2)


Message History

There is an open door here.
As you open the door, it creaks loudly!
Found a hide-covered altar of Uskayaw.
There is an open door here.
There is an open door here.
You open the door.
Found a shattered altar of Ashenzari and a deep blue altar of Sif Muna.
There is an open door here.
There is an open door here.
As you open the door, it creaks loudly!
Found a shimmering altar of Xom.
There is an open door here.
There is an open door here.
You open the door.
Found a shadowy altar of Dithmenos.
There is an open door here.
Done exploring.
Done exploring.
There is an open door here.
Are you sure you want to abandon this character and quit the game? (Confirm with "yes".)

##...'#.........#'...##
#####...........#####
#.....###.....#
#######....#####....######
##...##....#'...+#....##...
#.....#...##.....##...#....
#.._..'...##..<..##...'.._.
#.....#...##.....##...#....
##...##...@#+...+#....##...
#######....#####....######
#.....###.....#
#####...........#####
##...'#.........#'...##
#.....###.....###..._.#
#.._..# ###'### #.....#
#.....# ##...## #._...#
##...## #.....# ##...##


There were no monsters in sight!

Vanquished Creatures
  A sky beast (D:5)
  A phantom (D:4)
  An ogre (D:5)
  A scorpion (D:3)
  A howler monkey (D:5)
  2 jellies
  2 iguanas
  A worker ant (D:5)
  Terence (D:3)
  4 gnolls (D:3)
  6 adders
  A worm (D:3)
  6 dart slugs
  2 leopard geckos
  3 orcs (D:3)
  5 ball pythons
  6 giant cockroaches
  13 goblins
  5 hobgoblins
  10 jackals
  8 kobolds
  A quokka (D:2)
  4 bats
  2 frilled lizards
  A giant cockroach zombie (D:3)
  A leopard gecko skeleton (D:4)
  2 rats
91 creatures vanquished.

Vanquished Creatures (others)
  A wizard (D:3)
1 creature vanquished.

Grand Total: 92 creatures vanquished

Notes
Turn   | Place    | Note
-------+----------+-------------------------------------------
     0 | D:1      | varam the Troll Monk began the quest for the Orb.
     0 | D:1      | Reached XP level 1. HP: 22/22 MP: 0/0
    76 | D:1      | Reached XP level 2. HP: 15/29 MP: 1/1
   255 | D:1      | Reached skill level 4 in Unarmed Combat
   484 | D:1      | Reached XP level 3. HP: 30/36 MP: 2/2
   991 | D:3      | Found a bloodstained altar of Trog.
  1040 | D:3      | Reached XP level 4. HP: 39/44 MP: 3/3
  1079 | D:3      | Found an ancient bone altar of Kikubaaqudgha.
  1085 | D:3      | Reached skill level 5 in Unarmed Combat
  1116 | D:3      | Noticed Terence
  1127 | D:3      | Killed Terence
  1284 | D:3      | Reached XP level 5. HP: 44/50 MP: 4/4
  1379 | D:3      | Found a glowing silver altar of Zin.
  1387 | D:3      | Found a white marble altar of Elyvilon.
  1391 | D:3      | Found a sparkling altar of Nemelex Xobeh.
  1410 | D:3      | Noticed a wizard
  1413 | D:3      | Killed a wizard
  1501 | D:3      | Found a burning altar of Makhleb.
  1975 | D:4      | Noticed a phantom
  1992 | D:3      | Reached XP level 6. HP: 5/59 MP: 5/5
  2202 | D:4      | Reached skill level 6 in Unarmed Combat
  2293 | D:4      | Found a stormy altar of Qazlal.
  2309 | D:4      | Found a blossoming altar of Fedhas.
  2347 | D:4      | Noticed namnharef's ghost (amateur HEFE)
  2563 | D:5      | Entered Level 5 of the Dungeon
  2650 | D:5      | Noticed a sky beast
  2655 | D:5      | Killed a sky beast
  2655 | D:5      | Reached XP level 7. HP: 59/66 MP: 6/6
  2726 | D:5      | Reached skill level 7 in Unarmed Combat
  2825 | D:5      | Reached skill level 1 in Throwing
  2905 | D:6      | Found a staircase to the Ecumenical Temple.
  2914 | Temple   | Entered the Ecumenical Temple
  3029 | Temple   | Quit the game

Vault maps used:
D:1:      dpeg_arrival_radiant, amethyst_killhole
D:3:      lemuel_round_altar, marbit_many_paths,
          minmay_overflow_temple_star_quad, trog_wizard, uniq_terence
D:4:      grunt_temple_overflow_forces_of_nature
D:5:      overflow_temple_1_default, nicolae_gozag_zags_fifth_avenue,
          serial_shops, shop, first_bread
D:6:      vehumet_crystals
Temple:   nicolae_temple_figure_zero

Skill      XL: |  1  2  3  4  5  6  7 |
---------------+----------------------+-----
Unarmed Combat | 4 5 6 7 |  7.0
Dodging        | 3 4 |  4.8
Throwing       | 1 |  1.0
Fighting       | |  2.4
Stealth        | |  1.0

Action                   |  1- 3 |  4- 6 |  7- 9 || total
-------------------------+-------+-------+-------++-------
Melee: Unarmed           |    85 |   130 |    20 ||   235
       Punch             |     2 |     4 |     1 ||     7
Throw: Javelin           |       |     5 |     1 ||     6
  Use: Scroll            |       |       |     1 ||     1
 Stab: Sleeping          |     3 |     1 |       ||     4
  Eat: Chunk             |    15 |    10 |     8 ||    33
Armor: Robe              |    31 |    23 |     1 ||    55
Dodge: Dodged            |    54 |    69 |    15 ||   138
